Map: [ESL] Oceanborn

Players

Serral - Winner!

  • Race: Zerg Zerg
  • Spawn Location: 11:00

Clem

  • Race: Terran Terran
  • Spawn Location: 5:00

Event: ESL SC2 Masters 2023 Winter (Regional)

VOD

Have the link to the VOD?

Description

Time

  • Played on: Nov. 19, 2023, 11:51 a.m.
  • Length: 8:12

All games in this series

Show
View Real Time Build Order
Export as new Build Order

Serral Zerg - Winner!

Build Orders: Hatch First 

Get SALT Encoding   

  12  0:00  Drone  
  13  0:07  Drone  
  14  0:14  Extractor, Drone  
  15  0:36  Hatchery  
  15  0:42  Extractor, Drone  
  15  0:47  Overlord  
  15  1:02  Spawning Pool  
  14  1:05  Drone  
  14  1:08  Drone  
  16  1:12  Drone  
  16  1:16  Drone  
  18  1:26  Extractor  
  18  1:27  Drone  
  18  1:38  Drone  
  19  1:48  Queen x2  
  19  1:49  Drone  
  19  1:50  Drone  
  25  1:59  Drone, Overlord  
  26  2:10  Drone x2  
  28  2:22  Drone x2  
  30  2:24  Queen  
  32  2:31  Metabolic Boost  
  32  2:33  Overlord  
  32  2:34  Drone  
  33  2:45  Drone  
  33  2:48  Drone  
  33  2:51  Hatchery  
  34  2:56  Drone x3  
  37  3:00  Drone x2  
  37  3:02  Drone  
  37  3:05  Drone  
  41  3:08  Overlord  
  41  3:14  Queen  
  41  3:18  Overlord  
  43  3:22  Zergling x2  
  43  3:26  Queen  
  46  3:30  Zergling x8  
  50  3:35  Drone x2  
  50  3:38  Drone x3  
  55  3:49  Overlord  
  55  3:50  Queen  
  55  3:52  Drone x2  
  59  4:00  Roach Warren  
  59  4:02  Drone x4  
  62  4:06  Queen  
  64  4:10  Overlord  
  64  4:11  Zergling x2  
  64  4:12  Drone x2  
  64  4:16  Drone x2  
  69  4:18  Zergling x2  
  69  4:19  Overlord  
  70  4:24  Drone  
  70  4:30  Zergling x8  
  75  4:33  Overlord x3  
  75  4:44  Spore Crawler  
  72  4:45  Zergling x8  
  72  4:46  Queen  
  72  4:50  Zergling x2  
  72  4:51  Zergling x2  
  72  4:52  Drone  
  79  4:57  Drone  
  80  5:02  Lair  
  80  5:05  Drone x4  
  84  5:12  Drone  
  84  5:13  Drone x4  
  88  5:18  Drone x2  
  84  5:23  Drone x4  
  81  5:29  Extractor  
  81  5:30  Extractor x2  
  81  5:32  Drone x3  
  81  5:36  Extractor x2  
  81  5:39  Evolution Chamber x2  
  81  5:42  Zergling x6  
  80  5:46  Drone x6  
  86  5:50  Hatchery  
  86  5:51  Overlord  
  86  5:53  Drone  
  86  5:54  Drone x2  
  88  5:58  Overlord  
  88  5:59  Drone  
  88  6:00  Glial Reconstitution  
  88  6:04  Overseer, Overlord  
  89  6:12  Roach x2  
  89  6:15  Roach  
  89  6:16  Infestation Pit, Roach x6  
  106  6:19  Overlord  
  106  6:21  Roach  
  106  6:22  Roach x2  
  112  6:25  Overlord  
  112  6:34  Overlord  
  112  6:40  Overlord  
  112  6:46  Roach x3  
  118  6:51  Roach x8  
  134  6:54  Overlord  
  134  6:58  Roach x2  
  138  7:02  Roach x3  
  138  7:04  Roach  
  144  7:12  Overlord  
  144  7:15  Roach x5  
  154  7:19  Overseer  
  154  7:21  Roach x3  
  160  7:25  Roach x3  
  160  7:27  Ravager x3  
  167  7:37  Roach  
  167  7:38  Roach x6  
  179  7:47  Roach x4  
  179  7:49  Overlord x2  
  179  7:50  Overlord  
Show
View Real Time Build Order
Export as new Build Order

Clem Terran 

Build Orders: Liberator Opening, Reaper Expand 

Get SALT Encoding   

  12  0:00  SCV  
  13  0:12  SCV  
  14  0:17  Supply Depot  
  14  0:24  SCV  
  15  0:38  SCV  
  15  0:40  Barracks  
  16  0:42  Refinery  
  16  0:50  SCV  
  17  1:03  SCV  
  18  1:15  SCV  
  19  1:27  Orbital Command, Reaper  
  20  1:39  Command Center  
  20  1:46  Supply Depot  
  20  1:52  SCV  
  21  1:58  Marine  
  22  2:04  SCV  
  23  2:09  Factory  
  23  2:16  SCV  
  23  2:20  Barracks Reactor  
  24  2:28  SCV  
  25  2:32  Refinery  
  25  2:40  SCV  
  26  2:52  Orbital Command  
  26  2:53  SCV  
  26  2:58  Starport  
  27  3:05  Hellion x2, SCV  
  32  3:12  Supply Depot  
  32  3:17  SCV  
  32  3:18  SCV  
  34  3:24  Barracks Tech Lab  
  34  3:26  Cyclone x2  
  38  3:29  SCV  
  38  3:30  SCV  
  40  3:39  Liberator  
  43  3:42  Supply Depot, SCV  
  43  3:43  Marine  
  43  3:44  SCV  
  45  3:54  SCV  
  46  3:57  SCV  
  46  3:58  Hellion x2  
  46  4:01  Barracks Tech Lab  
  51  4:06  Supply Depot, SCV  
  51  4:09  SCV  
  53  4:18  SCV  
  53  4:19  Stimpack, Hellion  
  53  4:20  Hellion  
  53  4:21  SCV  
  59  4:30  SCV, Marine  
  61  4:34  SCV  
  61  4:35  Command Center  
  62  4:42  SCV  
  63  4:46  SCV  
  63  4:50  Barracks  
  63  4:52  Barracks  
  64  4:53  Supply Depot  
  64  4:54  SCV  
  64  4:56  Factory Reactor  
  64  4:57  Marine  
  64  4:58  SCV  
  67  5:04  Refinery x2  
  67  5:06  SCV, Supply Depot  
  68  5:10  SCV  
  69  5:18  SCV, Supply Depot  
  69  5:19  Marine, Engineering Bay  
  69  5:20  Engineering Bay  
  63  5:22  SCV  
  60  5:30  SCV  
  60  5:34  SCV  
  60  5:35  Starport Reactor  
  62  5:37  Marine  
  62  5:41  Marine x2  
  62  5:42  Factory Reactor, Supply Depot  
  65  5:43  SCV  
  65  5:46  SCV  
  65  5:48  Terran Infantry Weapons Level 1, Terran Infantry Armor Level 1  
  67  5:52  Marine x2  
  67  5:55  Marine, SCV  
  71  5:59  SCV  
  71  6:00  Marine  
  71  6:01  Barracks  
  71  6:02  Barracks, Marine  
  74  6:07  SCV  
  74  6:10  Marine x2  
  78  6:12  SCV  
  78  6:13  Medivac x2  
  78  6:16  Orbital Command  
  78  6:17  Marine  
  83  6:19  SCV  
  83  6:21  Widow Mine, Supply Depot  
  83  6:24  Widow Mine, Marine x2, SCV  
  91  6:30  Supply Depot, Marine  
  91  6:31  Combat Shield, SCV  
  93  6:33  Marine  
  93  6:36  SCV  
  95  6:41  SCV  
  95  6:43  SCV  
  101  6:47  Medivac x2, Widow Mine x2  
  101  6:48  SCV  
  101  6:49  Marine  
  101  6:50  Supply Depot  
  101  6:51  Barracks Reactor x2  
  101  6:52  Marine  
  101  6:54  SCV, Refinery  
  109  6:56  Factory  
  109  6:58  Supply Depot  
  109  7:00  Marine  
  109  7:03  SCV x2  
  109  7:07  SCV  
  109  7:08  Supply Depot, Marine  
  113  7:11  Marine x2  
  113  7:12  Widow Mine  
  113  7:13  Armory  
  113  7:14  Widow Mine  
  119  7:17  Medivac x2  
  119  7:22  Armory  
  123  7:23  Marine  
  123  7:25  Marine  
  123  7:28  Marine, Refinery  
  126  7:30  Marine x2  
  126  7:31  Marine x3  
  126  7:36  Marine  
  133  7:41  Marine  
  129  7:45  Factory Tech Lab, Supply Depot  
  129  7:46  Marine  
  129  7:48  Marine x2  
  129  7:49  Marine x2  
  132  7:53  Factory Tech Lab, Marine  
  132  7:55  Bunker  
Tags
 
Add a new tag
Caveats
  • Supply blocks, unpowered buildings, or Contaminate may cause inaccurate times.
  • Supply counts are checked every 10 seconds.